 Dungeon Crawl Stone Soup version 0.30-b1-2-g02819fbbbe (webtiles) character file.

Game seed: 3060639830654643215

6181 Mesmaeker13 the Nimble (level 10, 0/50 HPs)
             Began as a Deep Elf Conjurer on July 25, 2023.
             Was a Believer of Sif Muna.
             Slain by a two-headed ogre
             ... wielding a +0 giant club
              (18 damage)
             ... on level 9 of the Dungeon.
             The game lasted 00:15:51 (11298 turns).

Mesmaeker13 the Nimble (Deep Elf Conjurer)         Turns: 11298, Time: 00:15:52

Health: 0/50       AC:  7    Str:  3    XL:     10   Next: 60%
Magic:  13/23      EV: 16    Int: 35    God:    Sif Muna [**....]
Gold:   152        SH:  0    Dex: 13    Spells: 13/24 levels left

rFire   . . .        I - +2 whip (elec)
rCold   . . .        (no shield)
rNeg    . . .        G - +1 robe of Happiness {*Slow rCorr Str-3 Int+9}
rPois   .            F - +2 helmet {SInv}
rElec   .            h - +0 cloak
rCorr   +            (no gloves)
SInv    +            (no boots)
Will    +....        (no amulet)
Stlth   ++           (no ring)
HPRegen 0.28/turn    (no ring)
MPRegen 0.18/turn

%: slow self (1%)
@: radiating poison, studying Long Blades
A: no striking features
a: Renounce Religion, Channel Magic


You were on level 9 of the Dungeon.
You worshipped Sif Muna.
Sif Muna was pleased with you.
You visited 1 branch of the dungeon, and saw 9 of its levels.

You collected 507 gold pieces.
You spent 355 gold pieces at shops.

Inventory:

Hand Weapons
 I - a +2 whip of electrocution (weapon)
Missiles
 D - a curare-tipped dart
Armour
 a - +0 steam dragon scales
 h - a +0 cloak (worn)
 F - a +2 helmet of see invisible (worn)
 G - the +1 robe of Happiness (worn) {*Slow rCorr Str-3 Int+9}
   (You bought it in a shop on level 7 of the Dungeon)

   Str:       It affects your strength (-3).
   Int:       It affects your intelligence (+9).
   rCorr:     It protects you from acid and corrosion.
   *Slow:     It may slow you when you take damage.
Jewellery
 M - a ring of ice
Wands
 i - a wand of roots (10)
 j - a wand of paralysis (10)
 l - a wand of light (7)
Scrolls
 f - a scroll of silence {unknown}
 k - a scroll of noise
 n - 2 scrolls of poison
 q - a scroll of brand weapon
 r - a scroll of enchant armour {unknown}
 t - a scroll of fog {unknown}
 u - 2 scrolls of magic mapping
 w - 3 scrolls of identify {unknown}
 x - 2 scrolls of blinking {unknown}
 y - 4 scrolls of teleportation
 A - 2 scrolls of enchant weapon
 C - 2 scrolls of vulnerability {unknown}
 J - 4 scrolls of amnesia {unknown}
Potions
 b - a potion of magic
 c - a potion of haste {unknown}
 d - a potion of flight {unknown}
 e - 2 potions of cancellation
 g - 3 potions of curing {unknown}
 m - a potion of lignification {unknown}
 o - 6 potions of attraction
 p - 5 potions of brilliance
 s - 2 potions of mutation {unknown}
 v - a potion of ambrosia {unknown}
 z - 4 potions of invisibility {unknown}
 B - a potion of resistance {unknown}
 E - 2 potions of might {unknown}
 H - 2 potions of heal wounds
 K - a potion of experience {unknown}
 L - 2 potions of degeneration {unknown}


   Skills:
 + Level 0.0 Armour
 - Level 10.4 Dodging
 - Level 2.4 Stealth
 - Level 7.8 Spellcasting
 + Level 10.2 Conjurations
 - Level 9.0 Hexes
 + Level 6.7 Poison Magic


You had 13 spell levels left.
You knew the following spells:

 Your Spells              Type           Power      Damage    Failure   Level
a - Magic Dart            Conj           100%       1d8       1%          1
b - Searing Ray           Conj           100%       2d8       1%          2
c - Fulminant Prism       Conj/Hex       34%        3d15      1%          4
d - Olgreb's Toxic Radia  Pois           57%        N/A       1%          4

Your spell library contained the following spells:

 Spells                   Type           Power      Damage    Failure   Level
 Sting                    Tmut/Pois      100%       1d8       1%          1
 Poisonous Vapours        Pois/Air       74%        N/A       1%          2
 Dazzling Flash           Conj/Hex       100%       N/A       1%          3
 Inner Flame              Hex/Fire       45%        N/A       1%          3
 Flame Wave               Conj/Fire      49%        2d12      3%          4
 Iskenderun's Mystic Bla  Conj/Tloc      49%        2d11      3%          4
 Scorch                   Fire           26%        2d6       4%          2
 Volatile Blastmotes      Fire/Tloc      26%        2d12      10%         3
 Yara's Violent Unravell  Hex/Tmut       22%        3d10      13%         5
 Alistair's Intoxication  Tmut/Pois      24%        N/A       22%         5
 Starburst                Conj/Fire      24%        6d8       50%         6
 Enfeeble                 Hex            33%        N/A       54%         7
 Eringya's Noxious Bog    Tmut/Pois      18%        N/A       77%         6
 Summon Cactus Giant      Summ           6%         N/A       99%         6
 Dragon Form              Tmut           6%         N/A       100%        7


Dungeon Overview and Level Annotations

Branches:
Dungeon (9/15)             Temple (0/1) D:7             Orc (0/2) D:9
   Lair: D:8-11

Altars:
Cheibriados
Dithmenos
Elyvilon
Fedhas
Gozag
Kikubaaqudgha
Makhleb
Nemelex Xobeh
Qazlal
Ru
Sif Muna
Uskayaw
Vehumet
Zin
The Shining One

Shops:
D:1 *   D:2 [   D:3 *   D:5 *(   D:7 *

Annotations:
D:5 3 runed translucent doors, Filo's ghost, amateur TrGl


Message History

The two-headed ogre shouts in stereo!
Unknown command.
Casting: Olgreb's Toxic Radiance (dangerous; 1% risk of failure)
Confirm with . or Enter, or press ? or * to list all spells.
Aiming: Fulminant Prism (dangerous; 1% risk of failure)
Press: ? - help, Dir - move target, f - two-headed ogre
Aim: a two-headed ogre, wielding two +0 giant clubs
Okay, then.
Casting: Fulminant Prism (dangerous; 1% risk of failure)
Confirm with . or Enter, or press ? or * to list all spells.
Aiming: Fulminant Prism (dangerous; 1% risk of failure)
Press: ? - help, Dir - move target You conjure a prism of explosive energy!
A fulminant prism comes into view.
The two-headed ogre attacks as you move away!
The two-headed ogre barely misses you.
The two-headed ogre completely misses you.
Your fulminant prism crackles loudly.
The two-headed ogre attacks as you move away!
The two-headed ogre hits you with a +0 giant club!
The two-headed ogre barely misses you.
Your fulminant prism explodes!
The blast of energy engulfs the two-headed ogre!!
The two-headed ogre is heavily wounded.
Unknown command.
Casting: Fulminant Prism (dangerous; 1% risk of failure)
Confirm with . or Enter, or press ? or * to list all spells.
You begin to radiate toxic energy.
The two-headed ogre is poisoned.
The two-headed ogre looks even sicker.
Unknown command.
Casting: Olgreb's Toxic Radiance (dangerous; 1% risk of failure)
Confirm with . or Enter, or press ? or * to list all spells.
Aiming: Searing Ray (safe; 1% risk of failure)
Press: ? - help, Shift-Dir - straight line, f - two-headed ogre
Aim: a two-headed ogre, wielding two +0 giant clubs (severely wounded, very poisoned, 92% to hit)
The searing ray hits the two-headed ogre!
The two-headed ogre is almost dead. (Press . to maintain the ray.)
The two-headed ogre hits you with a +0 giant club!! x2
You die...

### ##.........# #...........
#.#### ##........# #[..........
#....#####.##...## ##...........
#......###)####.# #............
#.)......#.## ### #............
#.......))..# #............
##...........### ##...........
...............#########.........
................@O...............
##...........#...#..#######...##.
#..........#...#.....## ######.
#.............##......# #.
##.......##.####...(.## ##
####...##### ####### # #####


You could see a two-headed ogre (very poisoned).

Vanquished Creatures
  Pikel (D:7)
  A troll (D:9)
  A wraith (D:9)
  3 yaks (D:7)
  Grum (D:8)
  4 steam dragons
  Edmund (D:4)
  A water moccasin (D:9)
  2 ice beasts
  3 black bears
  An orc warrior (D:9)
  3 sky beasts
  An ogre (D:6)
  3 wolves
  6 centaurs
  4 lemures (D:7)
  A kobold brigand (D:6)
  A gnoll sergeant (D:9)
  6 bullfrogs
  9 killer bees (D:9)
  3 howler monkeys (D:7)
  3 jellies
  5 orc priests
  4 hounds
  15 orc wizards
  Terence (D:2)
  3 sleepcaps
  Natasha (thrice) (D:2)
  4 iguanas
  14 adders
  4 gnolls (D:9)
  2 shadow imps
  3 white imps
  An ufetubus (D:5)
  2 dart slugs
  41 orcs
  4 ball pythons
  7 endoplasms
  3 giant cockroaches
  6 hobgoblins
  9 jackals
  3 quokkas
  4 bats
  2 frilled lizards
  11 goblins
  7 kobolds
  3 rats
220 creatures vanquished.

Vanquished Creatures (others)
  24 fulminant prisms
  4 plants
  3 withered plants (D:4)
31 creatures vanquished.

Grand Total: 251 creatures vanquished

Notes
Turn   | Place    | Note
-------+----------+-------------------------------------------
     0 | D:1      | Mesmaeker13 the Deep Elf Conjurer began the quest for the
                  | Orb.
     0 | D:1      | Reached XP level 1. HP: 10/10 MP: 6/6
    58 | D:1      | Found Tuhiot's Assorted Antiques.
   235 | D:1      | Reached XP level 2. HP: 15/15 MP: 1/8
  1042 | D:2      | Reached XP level 3. HP: 19/19 MP: 6/10
  1045 | D:2      | Learned a level 2 spell: Searing Ray
  1324 | D:2      | Found Liukh's Armour Shop.
  1348 | D:2      | Noticed Natasha
  1355 | D:2      | Killed Natasha
  1356 | D:2      | Reached skill level 5 in Conjurations
  1563 | D:2      | Reached XP level 4. HP: 22/24 MP: 7/12
  1743 | D:2      | Noticed Terence
  1754 | D:2      | Killed Terence
  1837 | D:2      | Noticed Natasha
  1841 | D:2      | Killed Natasha
  2020 | D:2      | Noticed Natasha
  2029 | D:2      | Killed Natasha
  2030 | D:2      | Reached XP level 5. HP: 28/28 MP: 9/14
  2146 | D:3      | Found Jexzoc's General Store.
  2355 | D:3      | Reached skill level 5 in Spellcasting
  3105 | D:4      | Found a glowing golden altar of the Shining One.
  3159 | D:4      | Reached XP level 6. HP: 32/32 MP: 11/16
  3238 | D:4      | Reached skill level 5 in Dodging
  3362 | D:4      | Found an ancient bone altar of Kikubaaqudgha.
  3893 | D:4      | Noticed Edmund
  3906 | D:4      | Killed Edmund
  3907 | D:4      | Reached XP level 7. HP: 13/33 MP: 5/18
  4020 | D:4      | Found a snail-covered altar of Cheibriados.
  4208 | D:4      | Found a blossoming altar of Fedhas.
  4333 | D:4      | Learned a level 4 spell: Fulminant Prism
  4335 | D:5      | Entered Level 5 of the Dungeon
  4355 | D:5      | Found a runed translucent gate.
  4356 | D:5      | Found a runed translucent gate.
  4356 | D:5      | Found a runed translucent gate.
  4356 | D:5      | Found an opulent altar of Gozag.
  4363 | D:5      | Noticed Filo's ghost (amateur TrGl)
  4391 | D:5      | Found Wyvyewk's Assorted Antiques.
  4546 | D:5      | Found the +4 robe of Augmentation {Str+4 Int+4 Dex+4}
  4628 | D:5      | Reached skill level 1 in Hexes
  4633 | D:5      | Found Edyas's Firing Range.
  5034 | D:5      | Reached XP level 8. HP: 19/41 MP: 2/21
  5634 | D:5      | Learned a level 4 spell: Olgreb's Toxic Radiance
  5835 | D:6      | Reached skill level 1 in Poison Magic
  7041 | D:2      | Bought a +2 helmet of see invisible for 236 gold pieces
  7300 | D:7      | Found Wyfeca's Assorted Antiques.
  7309 | D:7      | Bought a fabulously ornate robe for 119 gold pieces
  7309 | D:7      | Identified the +1 robe of Happiness {*Slow rCorr Str-3
                  | Int+9} (You bought it in a shop on level 7 of the Dungeon)
  7349 | D:7      | Reached skill level 5 in Hexes
  7493 | D:7      | Reached XP level 9. HP: 45/45 MP: 14/22
  7746 | D:7      | Noticed Pikel
  7752 | D:7      | Killed Pikel
  7846 | D:7      | Found a staircase to the Ecumenical Temple.
  8218 | D:7      | Found a hide-covered altar of Uskayaw.
  8426 | D:7      | Reached skill level 5 in Poison Magic
  8621 | D:7      | Found an opulent altar of Gozag.
  8622 | D:7      | Found a glowing silver altar of Zin.
  8628 | D:7      | Found a sacrificial altar of Ru.
  8629 | D:7      | Found a burning altar of Makhleb.
  8632 | D:7      | Found a shadowy altar of Dithmenos.
  8634 | D:7      | Found a stormy altar of Qazlal.
  8634 | D:7      | Found a radiant altar of Vehumet.
  8638 | D:7      | Found a white marble altar of Elyvilon.
  8639 | D:7      | Found a shimmering blue altar of Sif Muna.
  8644 | D:7      | Became a worshipper of Sif Muna the Loreminder
  8713 | D:8      | Noticed Grum
  8933 | D:8      | Got the Encyclopedia of Reformation
  8995 | D:8      | Reached XP level 10. HP: 50/50 MP: 17/23
  9488 | D:8      | Killed Grum
 10095 | D:9      | Found a staircase to the Orcish Mines.
 10109 | D:9      | Reached * piety under Sif Muna
 10466 | D:9      | Reached skill level 10 in Dodging
 10593 | D:9      | Reached skill level 10 in Conjurations
 11083 | D:9      | Found a sparkling altar of Nemelex Xobeh.
 11146 | D:9      | Reached ** piety under Sif Muna
 11259 | D:9      | Noticed a two-headed ogre
 11298 | D:9      | Slain by a two-headed ogre

Illustrated notes

Levels and vault maps discovered:
D:1:      minmay_arrival_open_corners, layout_loops_ring, serial_shops,
          nicolae_shop_stone, minmay_hexomino_c4
D:2:      kb_forest_paths, layout_rooms, serial_shops,
          nicolae_shop_tiny_waterfront, uniq_natasha, uniq_terence
D:3:      layout_loops_ring, serial_shops, nicolae_diamond_shop
D:4:      layout_loops_corners, grunt_temple_overflow_growth_and_decay,
          lemuel_crystal_altar, marbit_many_paths, uniq_edmund
D:5:      minmay_chambers_of_threes, layout_rooms, serial_shops, shop,
          ebering_ghost_gozag, nicolae_shop_firing_range
D:6:      layout_basic
D:7:      layout_loops_ring, nicolae_overflow_hallway_of_the_gods,
          minmay_temple_entry_overgrown, serial_shops, nicolae_shop_trees,
          uniq_pikel
D:8:      layout_layer_cave, minmay_manual_moon, uniq_grum
D:9:      layout_cave_pods, nemelex_xobeh_ov_fountains_minmay,
          minmay_orc_entry_temple_small, minmay_misc_feat_cross,
          serial_bayou_crossing

Skill      XL: |  1  2  3  4  5  6  7  8  9 10 |
---------------+-------------------------------+-----
Dodging        | 3 4 5 6 8 9 10 | 10.4
Spellcasting   | 4 5 6 7 |  7.8
Conjurations   | 5 6 7 8 9 10 | 10.2
Hexes          | 2 5 7 9 |  9.0
Poison Magic   | 3 5 6 |  6.7
Stealth        | |  2.4

Action                     |  1- 3 |  4- 6 |  7- 9 | 10-12 || total
---------------------------+-------+-------+-------+-------++-------
  Melee: Dagger            |    22 |     7 |    12 |       ||    41
         Whip              |       |       |    11 |    25 ||    36
   Cast: Magic Dart        |    59 |    76 |   107 |    46 ||   288
         Searing Ray       |     2 |    18 |    41 |    10 ||    71
         Fulminant Prism   |       |       |    12 |    12 ||    24
         Olgreb's Toxic Ra |       |       |     1 |     9 ||    10
  Evoke: Wand              |       |       |     2 |       ||     2
    Use: Scroll            |       |     1 |     6 |       ||     7
         Potion            |       |       |     4 |     2 ||     6
 Armour: Robe              |     3 |     2 |    15 |    19 ||    39
  Dodge: Dodged            |    16 |    16 |    86 |    34 ||   152
